 Dungeon Crawl Stone Soup version 0.29-a0-284-gf9362112df (webtiles) character file.

Game seed: 8097857520962401107

1206 sammy202020 the Ruffian (level 8, 0/80 HPs)
             Began as a Troll Fighter on Mar 18, 2022.
             Slain by Sigmund
             ... wielding a +3 antimagic scythe
              (10 damage)
             ... on level 7 of the Dungeon.
             The game lasted 00:06:04 (3233 turns).

sammy202020 the Ruffian (Troll Fighter)             Turns: 3233, Time: 00:06:05

Health: 0/80       AC:  5    Str: 25    XL:     8   Next: 21%
Magic:  0/7        EV: 10    Int:  6    God:
Gold:   193        SH: 10    Dex: 15    Spells: 7/7 levels left

rFire   . . .      SeeInvis .     - Unarmed
rCold   . . .      Faith    .   b - +1 kite shield
rNeg    . . .      Spirit   .   a - +0 robe
rPois   .          Reflect  .   (helmet restricted)
rElec   .          Harm     .   f - +0 cloak
rCorr   .          Rampage  .   (gloves unavailable)
Will    .....                   (boots unavailable)
Stlth   +.........              o - amulet of regeneration
HPRegen 1.83/turn               q - +6 ring of dexterity
MPRegen 0.10/turn               (no ring)

@: no status effects
A: large, unfitting armour, claws 3, regeneration 1, shaggy fur 1, tough skin 1
a: no special abilities


You were on level 7 of the Dungeon.
You visited 1 branch of the dungeon, and saw 5 of its levels.
You also visited: Ossuary.

You collected 193 gold pieces.

Inventory:

Hand Weapons
 s - a +0 flail
Armour
 a - a +0 robe (worn)
 b - a +1 kite shield (worn)
 f - a +0 cloak (worn)
Jewellery
 l - an amulet of faith
 n - a ring of wizardry
 o - an amulet of regeneration (around neck)
 q - a +6 ring of dexterity (left claw)
Wands
 c - a wand of digging (6)
Scrolls
 u - a scroll of fog
Potions
 d - 2 potions of magic
 e - a potion of mutation
 h - 2 potions of resistance {unknown}
 i - a potion of curing
 j - 2 potions of heal wounds {unknown}
 k - a potion of invisibility {unknown}
 m - a potion of haste {unknown}
 r - a potion of flight {unknown}


   Skills:
 * Level 5.3 Fighting
 + Level 4.1 Dodging
 + Level 4.1 Shields
 * Level 5.9 Unarmed Combat


You had 7 spell levels left.
You didn't know any spells.
Your spell library was empty.

Dungeon Overview and Level Annotations

Branches:
Dungeon (7/15)            Ossuary (visited)
 Temple: D:4-7

Altars:
Elyvilon
Makhleb

Annotations:
D:7 2 transporters, Sigmund; ooooo's ghost, novice OpCj


Innate Abilities, Weirdness & Mutations

You are too large for most types of armour.
You have claws for hands.
Your natural rate of healing is unusually fast.
You are covered in fur. (AC +1)
You have tough skin. (AC +1)


Message History

The hobgoblin hits you but does no damage.
The hobgoblin hits you with a +0 scythe!
You block the orc's attack.
You claw the hobgoblin!
You kill the hobgoblin!
The orc hits you from afar with a +0 scythe.
You hear some strange, mumbled words.
You are confused.
You bump into the rock wall.
The orc hits you from afar with a +0 scythe!
A magic dart appears from out of thin air!
The magic dart hits you.
You bump into the rock wall.
The orc closely misses you. The orc hits you with a +0 scythe!
Something hits you!
You feel your power leaking away.
You bump into the rock wall.
The orc closely misses you.
You bump into the rock wall.
You feel less confused. You block something's attack.
The orc hits you with a +0 scythe!
You closely miss the orc. The orc barely misses you. Something hits you!
* * * LOW HITPOINT WARNING * * *
You feel your power leaking away.
Unknown command.
Sorry, you're not good enough to have a special ability.
The orc attacks as you move away! You block the orc's attack. x2
Something hits you.
* * * LOW HITPOINT WARNING * * *
The orc hits you with a +0 scythe!
* * * LOW HITPOINT WARNING * * *
You claw the orc!
You kill the orc!
Something hits you but does no damage. Something hits you.
* * * LOW HITPOINT WARNING * * *
Items here: )) [[ †.
There is an open door here.
Something hits you.
* * * LOW HITPOINT WARNING * * *
Something hits you!
You die...

...######'### #.#
............# #.#
............# #.#
##..)......####.# #
#..............# #
#............########
#
#.........+..)......#
#
#.........##'######.#
# ######.####@..# #
#.#..#...# #
#.#.###### # #.#.#
#.#.# #...# #####


There were no monsters in sight!

Vanquished Creatures
  Joseph (D:7)
  Prince Ribbit (D:7)
  A centaur (D:7)
  A bullfrog (D:7)
  4 wights (D:7)
  A howler monkey (D:7)
  3 centaur zombies (Ossuary)
  An iguana (D:4)
  6 mummies (Ossuary)
  3 gnolls (D:2)
  2 adders
  A worm zombie (D:7)
  A worm (D:2)
  2 dart slugs (D:1)
  8 orcs
  2 ball pythons
  8 endoplasms
  2 giant cockroaches
  6 goblins
  2 hobgoblins
  6 kobolds
  3 quokkas
  3 bats
  A frilled lizard (D:2)
  2 hobgoblin zombies (Ossuary)
  2 kobold zombies (D:7)
  7 rats
80 creatures vanquished.

Notes
Turn   | Place    | Note
-------+----------+-------------------------------------------
     0 | D:1      | sammy202020 the Troll Fighter began the quest for the Orb.
     0 | D:1      | Reached XP level 1. HP: 22/22 MP: 0/0
    74 | D:1      | Found a faded altar of an unknown god.
   219 | D:1      | Reached XP level 2. HP: 29/29 MP: 1/1
   830 | D:2      | Reached XP level 3. HP: 36/36 MP: 2/2
  1031 | D:2      | Reached XP level 4. HP: 45/45 MP: 3/3
  1099 | D:2      | Found a white marble altar of Elyvilon.
  1765 | D:3      | Found a burning altar of Makhleb.
  2385 | D:4      | Reached XP level 5. HP: 53/53 MP: 4/4
  2387 | D:4      | You fall into a shaft and drop 3 floors!
  2545 | D:7      | Noticed a centaur
  2555 | D:7      | Killed a centaur
  2556 | D:7      | Reached XP level 6. HP: 46/62 MP: 5/5
  2572 | D:7      | Noticed Joseph
  2586 | D:7      | Killed Joseph
  2587 | D:7      | Reached XP level 7. HP: 22/71 MP: 6/6
  2650 | D:7      | Found a transporter.
  2656 | D:7      | Found a transporter.
  2657 | D:7      | Noticed a moth of wrath
  2657 | D:7      | Noticed a basilisk
  2669 | D:7      | Noticed ooooo's ghost (novice OpCj)
  2674 | D:7      | Reached skill level 5 in Unarmed Combat
  2906 | D:7      | Found a sand-covered staircase.
  2907 | D:7      | Noticed Prince Ribbit
  2914 | Ossuary  | Entered an ossuary
  2943 | Ossuary  | Reached skill level 5 in Fighting
  2962 | Ossuary  | Reached XP level 8. HP: 75/80 MP: 7/7
  3164 | D:7      | Killed Prince Ribbit
  3211 | D:7      | Noticed Sigmund
  3233 | D:7      | Slain by Sigmund

Illustrated notes

Levels and vault maps discovered:
D:1:      lightli_arrival_maybe_door_vault, layout_loops_ring,
          dilly_ecumenical_altar_fadedgnrine, minmay_misc_feat_alley
D:2:      layout_loops_corners, basic_altar
D:3:      layout_loops_ring, mainiacjoe_overflow_catwalk,
          nicolae_figureground_pulse
D:4:      layout_rooms
D:7:      layout_basic, enter_ossuary_3, gammafunk_ghost_berserking_beasts,
          minivault_26, sigmund_army, uniq_joseph, uniq_prince_ribbit1

Skill      XL: |  1  2  3  4  5  6  7  8 |
---------------+-------------------------+-----
Fighting       | 3 4 5 |  5.3
Unarmed Combat | 3 4 5 |  5.9
Dodging        | 3 4 |  4.1
Shields        | 3 4 |  4.1

Action                   |  1- 3 |  4- 6 |  7- 9 || total
-------------------------+-------+-------+-------++-------
Melee: Unarmed           |    50 |    97 |    83 ||   230
  Use: Scroll            |       |     6 |     5 ||    11
       Potion            |       |       |     3 ||     3
 Stab: Sleeping          |       |     1 |       ||     1
Armor: Robe              |     8 |    24 |    44 ||    76
Dodge: Dodged            |    16 |    20 |    52 ||    88
Block: Kite shield       |    17 |    45 |    58 ||   120

Table legend: (Time is in decaauts)
 A = Elapsed time spent in this place.
 B = Non-inter-level travel time spent in this place.
 C = Inter-level travel time spent in this place.
 D = Time resting spent in this place.
 E = Time spent auto-exploring this place.
 F = Levels seen in this place.
 G = Mean time per level.
                   A        B        C        D        E       F      G
               +--------+--------+--------+--------+--------+-----+--------+
         Total |   3245 |   3194 |     51 |    122 |   2440 |   6 |  540.8 |
       Dungeon |   3012 |   2961 |     51 |      0 |   2402 |   5 |  602.4 |
       Ossuary |    232 |    232 |      0 |    122 |     38 |   1 |  232.0 |
               +--------+--------+--------+--------+--------+-----+--------+

Top non-repeatable levels by time:
     D:2: 791 daAuts
     D:3: 784 daAuts
     D:1: 763 daAuts
     D:7: 616 daAuts
 Ossuary: 232 daAuts
     D:4: 56 daAuts
